SAA
LANNISTER UNITED LIONHEARTS @ ATHLETIC CLUB KC ACADEMY
09/13/2031
 
TOP OF THE 1ST
Lannister United Lionhearts batting - Pitching for Athletic Club KC Academy : LHP Ben Skelton
Pitching: LHP Ben Skelton
Batting: RHB Craig Greene 0-0: Foul Ball, location: 2F
0-1: Called Strike
0-2: Ball
1-2: Ball
2-2: Strikes out swinging
Batting: SHB Curt Deal 0-0: Ground out 5-3 (Groundball, 25)
Batting: LHB Joe Karnowski 0-0: Called Strike
0-1: Ball
1-1: Ball
2-1: Ball
3-1: Fly out, F8 (Flyball, 8LD)
Top of the 1st over - 0 runs, 0 hits, 0 errors, 0 left on base; Lannister United 0 - Athletic Club KC Academy 0
BOTTOM OF THE 1ST
Athletic Club KC Academy batting - Pitching for Lannister United Lionhearts : LHP Hercules Mata'afa
Pitching: LHP Hercules Mata'afa
Batting: RHB Arturo Annunziato 0-0: DOUBLE (Line Drive, 89M)
Batting: LHB Kwang-chih Feng 0-0: Ball
1-0: Fly out, F7 (Flyball, 7LMF)
Batting: RHB Colin Bottone 0-0: SINGLE (Flyball, 7LS) - OUT at second base trying to stretch hit.
Arturo Annunziato scores
Batting: LHB Abdallah Rweikiza 0-0: Foul Ball, location: 2F
0-1: Reached on error, E6 (Groundball, 6)
Batting: LHB Onye Mahusay 0-0: Ball
1-0: Called Strike
1-1: Called Strike
1-2: Fielders Choice at 2nd, 6-4 (Groundball, 6)
Bottom of the 1st over - 1 run, 2 hits, 1 error, 1 left on base; Lannister United 0 - Athletic Club KC Academy 1
TOP OF THE 2ND
Lannister United Lionhearts batting - Pitching for Athletic Club KC Academy : LHP Ben Skelton
Batting: RHB Cristo Cuervo 0-0: Ball
1-0: Foul Ball, location: 2F
1-1: DOUBLE (Line Drive, 7LM)
Batting: RHB Carlos Pacheco 0-0: Called Strike
0-1: Foul Ball, location: 2F
0-2: Ground out U3 (Groundball, 34)
Cristo Cuervo to third
Batting: RHB Fernando Rivera 0-0: Fly out, F9 (Flyball, 9S)
Batting: RHB Tabor de Maria 0-0: Ball
1-0: Called Strike
1-1: Swinging Strike
1-2: Ball
2-2: Ground out 4-3 (Groundball, 4)
Top of the 2nd over - 0 runs, 1 hit, 0 errors, 1 left on base; Lannister United 0 - Athletic Club KC Academy 1
BOTTOM OF THE 2ND
Athletic Club KC Academy batting - Pitching for Lannister United Lionhearts : LHP Hercules Mata'afa
Batting: LHB Chi-hun Chong 0-0: Called Strike
0-1: Foul Ball, location: 2F
0-2: Ball
1-2: Ball
2-2: Foul Ball, location: 2F
2-2: Ball
3-2: Fly out, F8 (Flyball, 8RD)
Batting: SHB Ijsbrand van Hoogewegen 0-0: Fly out, F2 (Popup, 23F)
Batting: RHB Dewey Nauss 0-0: Ball
1-0: Swinging Strike
1-1: Ball
2-1: Ball
3-1: Base on Balls
Batting: RHB Troy Whitehurst 0-0: Foul Ball, location: 2F
0-1: Ball
1-1: Ball
2-1: Ball
3-1: Foul Ball, location: 2F
3-2: Base on Balls
Dewey Nauss to second
Batting: RHB Arturo Annunziato 0-0: Ball
1-0: Ground out 3-1 (Groundball, 34)
Bottom of the 2nd over - 0 runs, 0 hits, 0 errors, 2 left on base; Lannister United 0 - Athletic Club KC Academy 1
TOP OF THE 3RD
Lannister United Lionhearts batting - Pitching for Athletic Club KC Academy : LHP Ben Skelton
Batting: RHB Víctor Cuevas 0-0: Called Strike
0-1: Ball
1-1: Fly out, F9 (Flyball, 9LM)
Batting: RHB Chong-yee Au-Yong 0-0: Called Strike
0-1: Ball
1-1: Called Strike
1-2: Strikes out looking
Batting: RHB Craig Greene 0-0: Ball
1-0: Called Strike
1-1: SINGLE (Groundball, 56D)
Batting: SHB Curt Deal 0-0: Ball
1-0: Ball
2-0: Ball
3-0: Fly out, F7 (Flyball, 78M)
Top of the 3rd over - 0 runs, 1 hit, 0 errors, 1 left on base; Lannister United 0 - Athletic Club KC Academy 1
BOTTOM OF THE 3RD
Athletic Club KC Academy batting - Pitching for Lannister United Lionhearts : LHP Hercules Mata'afa
Batting: LHB Kwang-chih Feng 0-0: Called Strike
0-1: Called Strike
0-2: Ball
1-2: Foul Ball, location: 2F
1-2: Strikes out swinging
Batting: RHB Colin Bottone 0-0: Swinging Strike
0-1: Ball
1-1: SINGLE (Line Drive, 9LS)
Batting: LHB Abdallah Rweikiza 0-0: Called Strike
0-1: Called Strike
0-2: SINGLE (Groundball, 23) (infield hit)
Colin Bottone to second
Batting: LHB Onye Mahusay 0-0: Ball
1-0: Foul Ball, location: 2F
1-1: Ball
2-1: Ball
3-1: Base on Balls
Colin Bottone to third
Abdallah Rweikiza to second
Batting: LHB Chi-hun Chong 0-0: Ball
1-0: Ball
2-0: Ball
3-0: Called Strike
3-1: Foul Ball, location: 2F
3-2: Strikes out looking
Batting: SHB Ijsbrand van Hoogewegen 0-0: Ball
1-0: Swinging Strike
1-1: Hit by Pitch
Colin Bottone scores
Abdallah Rweikiza to third
Onye Mahusay to second
Batting: RHB Dewey Nauss 0-0: Ball
1-0: Foul Ball, location: 2F
1-1: Foul Ball, location: 2F
1-2: GRAND SLAM HOME RUN (Flyball, 7LD), Distance : 339 ft
Batting: RHB Troy Whitehurst 0-0: Called Strike
0-1: Ball
1-1: Swinging Strike
1-2: Ball
2-2: Ball
3-2: Foul Ball, location: 2F
3-2: Strikes out swinging
Bottom of the 3rd over - 5 runs, 3 hits, 0 errors, 0 left on base; Lannister United 0 - Athletic Club KC Academy 6
TOP OF THE 4TH
Lannister United Lionhearts batting - Pitching for Athletic Club KC Academy : LHP Ben Skelton
Batting: LHB Joe Karnowski 0-0: Fly out, F8 (Flyball, 8RM)
Batting: RHB Cristo Cuervo 0-0: Swinging Strike
0-1: Ground out 4-3 (Groundball, 4)
Batting: RHB Carlos Pacheco 0-0: Ball
1-0: Ball
2-0: Called Strike
2-1: Swinging Strike
2-2: Ball
3-2: Base on Balls
Batting: RHB Fernando Rivera 0-0: Ball
1-0: Ball
2-0: Ball
3-0: Base on Balls
Carlos Pacheco to second
Batting: RHB Tabor de Maria 0-0: Ball
1-0: Ball
2-0: Ground out 5-3 (Groundball, 56S)
Top of the 4th over - 0 runs, 0 hits, 0 errors, 2 left on base; Lannister United 0 - Athletic Club KC Academy 6
BOTTOM OF THE 4TH
Athletic Club KC Academy batting - Pitching for Lannister United Lionhearts : LHP Hercules Mata'afa
Batting: RHB Arturo Annunziato 0-0: Called Strike
0-1: Ball
1-1: Ball
2-1: Fly out, F9 (Flyball, 9S)
Batting: LHB Kwang-chih Feng 0-0: Ball
1-0: Foul Ball, location: 2F
1-1: Foul Ball, location: 2F
1-2: Foul Ball, location: 2F
1-2: Ground out 1-3 (Groundball, 15S)
Batting: RHB Colin Bottone 0-0: Ball
1-0: Ball
2-0: Fly out, F4 (Popup, 34S)
Bottom of the 4th over - 0 runs, 0 hits, 0 errors, 0 left on base; Lannister United 0 - Athletic Club KC Academy 6
TOP OF THE 5TH
Lannister United Lionhearts batting - Pitching for Athletic Club KC Academy : LHP Ben Skelton
Batting: RHB Víctor Cuevas 0-0: Ball
1-0: Called Strike
1-1: Ball
2-1: Swinging Strike
2-2: Foul Ball, location: 2F
2-2: Foul Ball, location: 2F
2-2: Foul Ball, location: 2F
2-2: Strikes out swinging
Batting: RHB Chong-yee Au-Yong 0-0: Foul Ball, location: 2F
0-1: Ball
1-1: SINGLE (Groundball, 6MD)
Batting: RHB Craig Greene 0-0: Ball
1-0: Grounds into double play, 5-4-3 (Groundball, 5L)
Top of the 5th over - 0 runs, 1 hit, 0 errors, 0 left on base; Lannister United 0 - Athletic Club KC Academy 6
BOTTOM OF THE 5TH
Athletic Club KC Academy batting - Pitching for Lannister United Lionhearts : LHP Hercules Mata'afa
Batting: LHB Abdallah Rweikiza 0-0: Foul Ball, location: 2F
0-1: Called Strike
0-2: Ball
1-2: Foul Ball, location: 2F
1-2: Fly out, F8 (Flyball, 8RS)
Batting: LHB Onye Mahusay 0-0: Fly out, F3 (Line Drive, 3L)
Batting: LHB Chi-hun Chong 0-0: Swinging Strike
0-1: Ball
1-1: Fly out, F7 (Flyball, 78M)
Bottom of the 5th over - 0 runs, 0 hits, 0 errors, 0 left on base; Lannister United 0 - Athletic Club KC Academy 6
TOP OF THE 6TH
Lannister United Lionhearts batting - Pitching for Athletic Club KC Academy : LHP Ben Skelton
Batting: SHB Curt Deal 0-0: Called Strike
0-1: Ball
1-1: Called Strike
1-2: Strikes out looking
Batting: LHB Joe Karnowski 0-0: Fly out, F3 (Line Drive, 34)
Batting: RHB Cristo Cuervo 0-0: Foul Ball, location: 2F
0-1: Ball
1-1: Ball
2-1: Called Strike
2-2: Foul Ball, location: 2F
2-2: Strikes out swinging
Top of the 6th over - 0 runs, 0 hits, 0 errors, 0 left on base; Lannister United 0 - Athletic Club KC Academy 6
BOTTOM OF THE 6TH
Athletic Club KC Academy batting - Pitching for Lannister United Lionhearts : LHP Hercules Mata'afa
Pitching: RHP Shang-de Fu
Batting: SHB Ijsbrand van Hoogewegen 0-0: Ball
1-0: Ball
2-0: Foul Ball, location: 2F
2-1: Foul Ball, location: 2F
2-2: Ball
3-2: Base on Balls
Batting: RHB Dewey Nauss 0-0: Ball
1-0: Foul Ball, location: 2F
1-1: Ball
2-1: Ball
3-1: Base on Balls
Ijsbrand van Hoogewegen to second
Batting: RHB Troy Whitehurst 0-0: Called Strike
0-1: Ball
1-1: Foul Ball, location: 2F
1-2: Grounds into double play, 6-4-3 (Groundball, 6)
Ijsbrand van Hoogewegen to third
Batting: RHB Arturo Annunziato 0-0: Ball
1-0: Called Strike
1-1: Swinging Strike
1-2: Strikes out swinging
Bottom of the 6th over - 0 runs, 0 hits, 0 errors, 1 left on base; Lannister United 0 - Athletic Club KC Academy 6
TOP OF THE 7TH
Lannister United Lionhearts batting - Pitching for Athletic Club KC Academy : LHP Ben Skelton
Now in RF: David Lozano
Batting: RHB Carlos Pacheco 0-0: Called Strike
0-1: Ball
1-1: Ball
2-1: Ball
3-1: Ground out 1-3 (Groundball, P)
Batting: RHB Fernando Rivera 0-0: Called Strike
0-1: Ball
1-1: Ball
2-1: Ground out 5-3 (Groundball, 56S)
Batting: RHB Tabor de Maria 0-0: Ball
1-0: Ball
2-0: Fly out, F6 (Popup, 6)
Top of the 7th over - 0 runs, 0 hits, 0 errors, 0 left on base; Lannister United 0 - Athletic Club KC Academy 6
BOTTOM OF THE 7TH
Athletic Club KC Academy batting - Pitching for Lannister United Lionhearts : RHP Shang-de Fu
Batting: LHB Kwang-chih Feng 0-0: Called Strike
0-1: Called Strike
0-2: Foul Ball, location: 2F
0-2: Ball
1-2: Foul Ball, location: 2F
1-2: Ball
2-2: Foul Ball, location: 2F
2-2: Foul Ball, location: 2F
2-2: SOLO HOME RUN (Line Drive, 9LD), Distance : 355 ft
Batting: RHB Colin Bottone 0-0: Fly out, F8 (Flyball, 89XD)
Batting: LHB Abdallah Rweikiza 0-0: Ball
1-0: Called Strike
1-1: Foul Ball, location: 2F
1-2: SINGLE (Flyball, 56D)
Batting: LHB Onye Mahusay 0-0: Foul Ball, location: 2F
0-1: Foul Ball, location: 2F
0-2: Strikes out looking
Batting: LHB Chi-hun Chong 0-0: Ball
1-0: Swinging Strike
1-1: Foul Ball, location: 2F
1-2: Ball
2-2: Ball
3-2: Base on Balls
Abdallah Rweikiza to second
Batting: SHB Ijsbrand van Hoogewegen 0-0: Fly out, F9 (Flyball, 9LSF)
Bottom of the 7th over - 1 run, 2 hits, 0 errors, 2 left on base; Lannister United 0 - Athletic Club KC Academy 7
TOP OF THE 8TH
Lannister United Lionhearts batting - Pitching for Athletic Club KC Academy : LHP Ben Skelton
Batting: RHB Víctor Cuevas 0-0: Called Strike
0-1: Swinging Strike
0-2: Foul Ball, location: 2F
0-2: Foul Ball, location: 2F
0-2: Ball
1-2: Ground out 5-3 (Groundball, 56S)
Pitching: LHP Jeffrey Fluker
Batting: RHB Chong-yee Au-Yong 0-0: Ball
1-0: Ground out 4-3 (Groundball, 4)
Batting: RHB Craig Greene 0-0: Ball
1-0: Called Strike
1-1: Ground out 1-3 (Groundball, 15)
Top of the 8th over - 0 runs, 0 hits, 0 errors, 0 left on base; Lannister United 0 - Athletic Club KC Academy 7
BOTTOM OF THE 8TH
Athletic Club KC Academy batting - Pitching for Lannister United Lionhearts : RHP Shang-de Fu
Batting: RHB Dewey Nauss 0-0: Foul Ball, location: 2F
0-1: Fly out, F8 (Line Drive, 8LM)
Batting: RHB David Lozano 0-0: Foul Ball, location: 2F
0-1: DOUBLE (Flyball, 89D)
Batting: RHB Arturo Annunziato 0-0: Ball
1-0: Swinging Strike
1-1: Swinging Strike
1-2: Ball
2-2: SINGLE (Line Drive, 6MD)
David Lozano to third
Runner from 3rd tries for Home, SAFE, no throw
Batting: LHB Kwang-chih Feng 0-0: Ball
1-0: Ball
2-0: Foul Ball, location: 2F
2-1: Ball
3-1: Base on Balls
Arturo Annunziato to second
Batting: RHB Colin Bottone 0-0: Foul Ball, location: 2F
0-1: Swinging Strike
0-2: Strikes out swinging
Batting: LHB Abdallah Rweikiza 0-0: Fielders Choice at 2nd, 6-4 (Groundball, 6)
Bottom of the 8th over - 1 run, 2 hits, 0 errors, 2 left on base; Lannister United 0 - Athletic Club KC Academy 8
TOP OF THE 9TH
Lannister United Lionhearts batting - Pitching for Athletic Club KC Academy : LHP Jeffrey Fluker
Batting: SHB Curt Deal 0-0: Called Strike
0-1: Ball
1-1: DOUBLE (Line Drive, 78D)
Batting: LHB Joe Karnowski 0-0: SINGLE (Groundball, 34) (infield hit)
Curt Deal to third
Batting: RHB Cristo Cuervo 0-0: Ball
1-0: Ball
2-0: Called Strike
2-1: Foul Ball, location: 2F
2-2: Ball
3-2: Foul Ball, location: 2F
3-2: Strikes out looking
Batting: RHB Carlos Pacheco 0-0: Ball
1-0: Called Strike
1-1: Called Strike
1-2: Foul Ball, location: 2F
1-2: Ball
2-2: Foul Ball, location: 2F
2-2: Grounds into double play, 6-4-3 (Groundball, 6)
Top of the 9th over - 0 runs, 2 hits, 0 errors, 1 left on base; Lannister United 0 - Athletic Club KC Academy 8
Tuesday, June 12th, 2018 - OOTP Baseball 18.8 Build 76